 Dungeon Crawl Stone Soup version 0.30-a0-373-gd37427bb62 (webtiles) character file.

Game seed: 2419080402632792095

95 Zonian the Magician (level 4, 0/31 HPs)
             Began as a Djinni Ice Elementalist on Nov 24, 2022.
             Shot with a bolt by an orc warrior (25 damage)
             ... on level 4 of the Dungeon.
             The game lasted 00:05:05 (4018 turns).

Zonian the Magician (Djinni Ice Elementalist)       Turns: 4018, Time: 00:05:06

Health: 0/31       AC:  2    Str:  7    XL:     4   Next: 97%
Gold:   255        EV: 12    Int: 19    God:
                   SH:  0    Dex: 13

rFire   + + .      SeeInvis .    c - +1 short sword
rCold   x . .      Faith    .    (no shield)
rNeg    . . .      Spirit   .    a - +0 robe
rPois   ∞          Reflect  .    (no helmet)
rElec   .          Harm     .    (no cloak)
rCorr   .          Rampage  .    (no gloves)
Will    .....                    (boots unavailable)
Stlth   ++........               (no amulet)
HPRegen 0.25/turn                (no ring)
MPRegen 0.00/turn                (no ring)

@: flying
A: sickness immunity, fire resistance 2, cold vulnerability 1, float, innate
caster, HP casting, extra vitality 1
a: no special abilities


You were on level 4 of the Dungeon.
You visited 1 branch of the dungeon, and saw 4 of its levels.

You collected 255 gold pieces.

Inventory:

Hand Weapons
 c - a +1 short sword (weapon)
Missiles
 i - 3 boomerangs
Armour
 a - a +0 robe (worn)
 j - a +0 cloak
Jewellery
 r - an amulet of reflection
Scrolls
 b - 2 scrolls of teleportation
Potions
 d - 2 potions of mutation
 f - a potion of magic
 k - a potion of might
 l - 2 potions of haste {unknown}
 n - 3 potions of curing
 s - a potion of attraction {unknown}


   Skills:
 - Level 3.0 Dodging
 - Level 2.2 Stealth
 + Level 4.2 Spellcasting


You couldn't memorise any spells.
You knew the following spells:

 Your Spells              Type           Power      Damage    Failure   Level
a - Freeze                Ice            80%        1d9       2%          1
b - Frozen Ramparts       Ice            40%        1d7       7%          3
c - Ozocubu's Armour      Ice            20%        N/A       7%          3
d - Summon Ice Beast      Ice/Summ       20%        N/A       24%         4
e - Magic Dart            Conj           80%        1d7       2%          1
Your spell library was empty.

Dungeon Overview and Level Annotations

Branches:
Dungeon (4/15)
 Temple: D:4-7

Altars:
Ru

Shops:
D:1 *


Innate Abilities, Weirdness & Mutations

You are immune to sickness and miasma.
You are immune to poison.
Your flesh is very heat resistant. (rF++)
You are vulnerable to cold. (rC-)
You float through the air rather than walking.
You learn spells naturally, not from books.
Your magical power is your life essence.
You have superior vitality. (+4 MHP)


Message History

You kill the adder!
Unknown command.
You start resting.
HP restored.
You start waiting.
Done waiting.
You start waiting.
Done waiting.
Unknown command.
Done exploring.
Done exploring.
Unknown command.
You fly downwards.
The adder bites you.
There is a stone staircase leading up here.
Unknown command.
Unknown command.
Casting: Freeze (safe; 2% risk of failure)
Confirm with . or Enter, or press ? or * to list all spells.
Aiming: Freeze (safe; 2% risk of failure)
Press: ? - help, Shift-Dir - straight line, f - adder
Aim: an adder You freeze the adder!
The adder is severely wounded.
The adder seems to slow down.
The adder bites you.
Unknown command.
Casting: Freeze (safe; 2% risk of failure)
Confirm with . or Enter, or press ? or * to list all spells.
Aiming: Freeze (safe; 2% risk of failure)
Press: ? - help, Shift-Dir - straight line, f/p - adder
Aim: an adder (severely wounded, slow)
You freeze the adder.
You kill the adder!
Unknown command.
You start resting.
An orc warrior is nearby!
An orc warrior is nearby!
Unknown command.
The orc warrior shoots a bolt.
The bolt hits you!!
Ouch! That really hurt!
You die...

......#...##
...........#
......>..####
.............#
..........###. ###
..........###<###.#
...........# #....#
.....#.....# #.#†.#
...[.###...# #.#@.#
####)#....## #.#.###
#.#.#.#####.#...#
#...#.#.....###o#
#####.#.#####...# .
#..##..# ##.###.#
......#### ##.S....#
.......#####..######
.........##o.##


You could see an orc warrior.

Vanquished Creatures
  3 adders
  2 dart slugs
  9 ball pythons
  8 endoplasms
  A giant cockroach (D:1)
  2 goblins
  9 hobgoblins
  9 kobolds
  2 quokkas
  4 bats
  4 frilled lizards
  7 rats
60 creatures vanquished.

Notes
Turn   | Place    | Note
-------+----------+-------------------------------------------
     0 | D:1      | Zonian the Djinni Ice Elementalist began the quest for the
                  | Orb.
     0 | D:1      | Zonian set off with the following spells memorised: Freeze,
                  | Frozen Ramparts, Ozocubu's Armour, Summon Ice Beast.
     0 | D:1      | Reached XP level 1. HP: 15/15 MP: 0/0
    98 | D:1      | Found Ydwusor's Assorted Antiques.
   217 | D:1      | Reached XP level 2. HP: 12/21 MP: 0/0
   686 | D:1      | Reached XP level 3. HP: 22/25 MP: 0/0
   686 | D:1      | Learned a level 1 spell: Magic Dart
  1934 | D:2      | Reached XP level 4. HP: 28/31 MP: 0/0
  2659 | D:3      | Found a sacrificial altar of Ru.
  2779 | D:3      | Reached skill level 4 in Spellcasting
  3035 | D:3      | Found a faded altar of an unknown god.
  3764 | D:4      | Noticed an orc warrior
  4018 | D:4      | Shot with a bolt by an orc warrior

Illustrated notes

Levels and vault maps discovered:
D:1:      psy_arrival_fountain, layout_basic, serial_shops,
          nicolae_shop_overgrown_old_shop, chequers_mini_garden, minivault_11,
          minmay_pentomino_v4
D:2:      layout_basic, minmay_cut_off
D:3:      layout_basic, nicolae_ru_awakened_eye, basic_ecumenical_altar
D:4:      layout_basic, makhleb_blood_cavern_becter, gammafunk_ghost_necromancy,
          kennysheep_cluttered_room, grunt_decor_mini_mirrors,
          nicolae_kite_square_tiling_tiny, st_stairs_5, columned_hall_lemuel,
          chequers_avenue, kennysheep_generic_room_15

Skill      XL: |  1  2  3  4 |
---------------+-------------+-----
Stealth        | 2 |  2.2
Dodging        | 3 |  3.0
Spellcasting   | 4 |  4.2

Action                   |  1- 3 |  4- 6 || total
-------------------------+-------+-------++-------
Melee: Short sword       |    32 |    14 ||    46
       Unarmed           |     1 |       ||     1
 Cast: Freeze            |    55 |    25 ||    80
  Use: Scroll            |       |    12 ||    12
 Stab: Sleeping          |     2 |     1 ||     3
Armor: Robe              |    13 |     5 ||    18
Dodge: Dodged            |    40 |    21 ||    61

Table legend: (Time is in decaauts)
 A = Elapsed time spent in this place.
 B = Non-inter-level travel time spent in this place.
 C = Inter-level travel time spent in this place.
 D = Time resting spent in this place.
 E = Time spent auto-exploring this place.
 F = Levels seen in this place.
 G = Mean time per level.
                   A        B        C        D        E       F      G
               +--------+--------+--------+--------+--------+-----+--------+
         Total |   4017 |   3927 |     90 |    589 |   2691 |   4 | 1004.2 |
       Dungeon |   4017 |   3927 |     90 |    589 |   2691 |   4 | 1004.2 |
               +--------+--------+--------+--------+--------+-----+--------+

Top non-repeatable levels by time:
     D:1: 1495 daAuts
     D:3: 1137 daAuts
     D:2: 969 daAuts
     D:4: 415 daAuts
